 Dungeon Crawl Stone Soup version 0.24.0-13-gcf9b319 (webtiles) character file.

Game seed: 16362072457949878496, levelgen mode: deterministic

16835 CQueso the Basher (level 12, 0/108 HPs)
             Began as a Minotaur Fighter on Apr 14, 2020.
             Was a High Priest of Okawaru.
             Slain by a merfolk impaler
             ... wielding a +1 demon trident of electrocution
              (16 damage)
             ... on level 1 of the Shoals on Apr 15, 2020.
             The game lasted 00:54:33 (11549 turns).

CQueso the Basher (Minotaur Fighter)               Turns: 11549, Time: 00:54:33

Health: 0/108      AC: 36    Str: 25    XL:     12   Next: 13%
Magic:  9/11       EV: 15    Int:  5    God:    Okawaru [*****.]
Gold:   802        SH: 12    Dex: 15    Spells: 11/11 levels left

rFire    + . .     SeeInvis .   I - +2 flail (protect)
rCold    . . .     Gourm    .   c - +0 shield
rNeg     . . .     Faith    .   Z - +2 plate armour {rF+}
rPois    .         Spirit   .   K - +1 hat
rElec    .         Reflect  .   U - +0 cloak {MR+}
rCorr    .         Harm     .   o - +2 pair of gloves
MR       +....                  (no boots)
Stlth    ..........             (no amulet)
HPRegen  0.28/turn              n - +4 ring of dexterity
MPRegen  0.12/turn              z - +3 ring of protection

@: heroism, protection aura, very slow
A: retaliatory headbutt, horns 2
a: Heroism, Finesse, Renounce Religion


You were on level 1 of the Shoals.
You worshipped Okawaru.
Okawaru was extremely pleased with you.
You were not hungry.

You visited 3 branches of the dungeon, and saw 12 of its levels.

You collected 817 gold pieces.
You spent 15 gold pieces at shops.

Inventory:

Hand Weapons
 F - a +3 mace
 I - a +2 flail of protection (weapon)
Armour
 c - a +0 shield (worn)
 d - a +0 robe of positive energy
 o - a +2 pair of gloves (worn)
 u - a +1 pair of gloves
 K - a +1 hat (worn)
 U - a +0 cloak of magic resistance (worn)
 X - a +1 chain mail of magic resistance
 Z - a +2 plate armour of fire resistance (worn)
Magical Staves
 x - an uncursed staff of air
 y - an uncursed staff of earth
Jewellery
 b - an uncursed ring of magical power
 n - a +4 ring of dexterity (left hand)
 v - a +2 ring of intelligence
 w - an uncursed ring of teleportation
 z - a +3 ring of protection (right hand)
 E - a +1 ring of protection
 N - a -3 ring of protection
 W - an uncursed ring of ice
Wands
 a - a wand of digging (7)
 q - a wand of paralysis (5)
 r - a wand of clouds (6)
 T - a wand of iceblast (17)
Scrolls
 g - 8 scrolls of remove curse
 h - 2 scrolls of amnesia
 j - 2 scrolls of identify
 l - 2 scrolls of fog
 p - 3 scrolls of enchant armour
 t - 2 scrolls of immolation
 A - a scroll of vulnerability {unknown}
 P - a scroll of enchant weapon {unknown}
 S - a scroll of holy word {unknown}
 V - 2 scrolls of blinking {unknown}
 Y - a scroll of fear {unknown}
Potions
 e - a potion of magic {unknown}
 k - 2 potions of invisibility {unknown}
 m - a potion of might
 s - 5 potions of brilliance
 B - a potion of experience
 C - 3 potions of heal wounds
 D - a potion of mutation {unknown}
 G - 2 potions of lignification {unknown}
 H - a potion of flight {unknown}
 J - a potion of curing {unknown}
 L - a potion of ambrosia {unknown}
 O - a potion of agility
Comestibles
 f - 24 rations


   Skills:
 + Level 10.9(15.9) Fighting
 + Level 13.8(18.8) Maces & Flails
 + Level 12.4(17.4) Armour
 + Level 9.3(14.3) Dodging
 - Level 0.1(5.1) Stealth
 - Level 5.0(10.0) Shields


You had 11 spell levels left.
You didn't know any spells.
Your spell library contained the following spells:

 Spells                   Type           Power        Failure   Level  Hunger
 Animate Skeleton         Necr           N/A          99%         1    ##.....
 Apportation              Tloc           #.....       99%         1    ##.....
 Confusing Touch          Hex            #.....       99%         1    ##.....
 Magic Dart               Conj           #...         99%         1    ##.....
 Summon Small Mammal      Summ           #...         99%         1    ##.....
 Searing Ray              Conj           #.....       100%        2    ###....
 Confuse                  Hex            #.......     100%        3    ####...
 Dazzling Spray           Conj/Hex       #.....       100%        3    ####...
 Gell's Gravitas          Tloc           #.........   100%        3    ####...
 Force Lance              Conj/Tloc      #.......     100%        4    #####..
 Fulminant Prism          Conj/Hex       #.........   100%        4    #####..
 Iskenderun's Mystic Bla  Conj           #.......     100%        4    #####..
 Petrify                  Tmut/Erth      #.......     100%        4    #####..
 Metabolic Englaciation   Hex/Ice        #.........   100%        5    ######.
 Yara's Violent Unravell  Hex/Tmut       #.........   100%        5    ######.


Dungeon Overview and Level Annotations

Branches:
Dungeon (9/15)             Temple (0/1) D:7            Lair (2/6) D:9
 Shoals (1/4) Lair:2          Orc (0/2) D:9
  Snake: Lair:2-4    Spider: Lair:2-4

Altars:
Ashenzari
Cheibriados
Dithmenos
Kikubaaqudgha
Okawaru
Sif Muna
Vehumet
Xom
The Shining One

Shops:
D:6 !   Shoals:1 (

Annotations:
Lair:1 exclusion: oklob plant, hollowman's ghost, journeyman MfVM


Innate Abilities, Weirdness & Mutations

You reflexively headbutt those who attack you in melee.
You have a pair of horns on your head.


Message History

You are electrocuted!
* * * LOW HITPOINT WARNING * * *
You gain the combat prowess of a mighty hero.
The merfolk impaler closely misses you. You furiously retaliate!
You headbutt the merfolk impaler! You closely miss the merfolk impaler.
The merfolk impaler is moderately wounded.
Splash!
You fall into the shallow water.
Moving in this stuff is going to be slow.
The merfolk impaler hits you with a +1 demon trident of electrocution.
* * * LOW HITPOINT WARNING * * *
The merfolk impaler closely misses you.
Your unstable footing causes you to fumble your attack.
You block the merfolk impaler's attack.
You barely miss the merfolk impaler.
The merfolk impaler is moderately wounded.
The merfolk impaler hits you but does no damage.
You are electrocuted!
You die...

≈≈≈≈≈≈≈≈≈≈≈≈≈≈≈≈≈≈≈≈≈≈≈
≈≈≈≈≈≈≈≈≈≈≈≈≈≈≈≈≈≈≈≈≈≈≈
≈≈≈≈≈≈≈≈≈≈≈≈≈≈≈≈≈≈≈≈≈≈≈
≈≈≈≈≈≈≈≈≈≈≈≈≈≈≈≈≈≈≈≈≈≈≈≈
≈≈≈≈≈≈≈≈≈≈.≈≈≈≈≈≈≈≈≈≈≈≈≈≈
≈≈≈≈≈≈≈≈....≈≈≈≈≈≈≈≈≈≈≈≈≈
≈≈≈≈≈≈≈.......≈≈≈≈≈≈≈≈≈≈≈
≈≈≈≈≈≈≈..(.>(.)≈≈≈≈≈≈≈≈..
≈≈≈≈≈≈≈≈≈.(..@m†≈≈≈≈≈≈...
≈≈≈≈≈≈≈≈≈≈..≈≈≈≈≈≈≈≈≈.#
≈≈≈≈≈≈≈≈≈≈≈≈≈≈≈≈≈≈≈≈≈.#
≈≈≈≈≈.....≈≈≈≈≈≈≈(≈≈≈.#
≈≈≈....##...≈≈≈≈≈≈≈≈≈≈...
≈≈≈≈........≈≈≈≈≈≈≈≈≈≈≈≈..≈≈≈≈≈
≈≈≈≈≈≈≈≈≈≈.≈≈≈≈≈≈≈≈≈≈≈≈≈≈..≈≈≈≈≈
≈≈≈≈≈≈≈≈≈≈≈≈≈..≈≈≈≈≈≈≈≈≈...≈≈≈≈≈
≈≈≈≈≈≈≈≈≈≈≈≈≈..(≈≈≈≈≈≈≈≈...≈≈≈≈≈


You could see a merfolk impaler.

Vanquished Creatures
  Harold (D:9)
  A catoblepas (Lair:2)
  A two-headed ogre (D:9)
  2 manticores (Shoals:1)
  3 fauns (Shoals:1)
  2 black mambas (Lair:2)
  2 merfolk sirens (Shoals:1)
  4 spiny frogs
  2 komodo dragons
  A torpor snail (Lair:2)
  A rime drake (Lair:1)
  A queen bee (Lair:2)
  A merfolk (Shoals:1)
  3 hippogriffs
  2 dream sheep (Lair:2)
  A snapping turtle (Shoals:1)
  8 yaks
  A wraith (D:9)
  2 vampire mosquitoes (D:8)
  A hungry ghost (D:7)
  4 water moccasins
  An orc warrior (D:9)
  5 porcupines
  2 phantoms
  3 sky beasts
  A necrophage (D:9)
  A black bear (D:7)
  4 ogres
  2 centaurs
  4 crocodiles
  5 bullfrogs
  A gnoll sergeant (D:5)
  5 scorpions
  23 killer bees (Lair:2)
  14 wights
  3 howler monkeys
  An electric eel (Lair:1)
  6 crimson imps
  A bullfrog zombie (D:5)
  2 jellies (D:5)
  3 bullfrog skeletons
  3 hounds
  5 orc priests
  10 orc wizards
  2 iguanas
  6 worker ants
  A hound zombie (D:8)
  4 hound skeletons
  8 adders
  18 gnolls
  A shadow imp (D:2)
  2 oozes
  An adder skeleton (D:8)
  3 adder zombies
  7 worms
  3 dart slugs
  8 leopard geckos
  45 orcs
  A bat zombie (D:2)
  4 giant cockroaches
  5 hobgoblins
  17 jackals
  2 quokkas
  A ball python (D:3)
  4 bats
  5 frilled lizards
  3 goblins
  8 kobolds
  2 leopard gecko skeletons
  A leopard gecko zombie (D:6)
  A quokka skeleton (D:7)
  A quokka zombie (D:5)
  5 rats
  A fungus (Lair:1)
319 creatures vanquished.

Vanquished Creatures (others)
  3 fungi (Lair:2)
  4 plants
7 creatures vanquished.

Grand Total: 326 creatures vanquished

Notes
Turn   | Place    | Note
-------+----------+-------------------------------------------
     0 | D:1      | CQueso the Minotaur Fighter began the quest for the Orb.
     0 | D:1      | Reached XP level 1. HP: 19/19 MP: 0/0
    93 | D:1      | You fall into a shaft and drop 1 floor!
    93 | D:2      | Found a glowing golden altar of the Shining One.
   114 | D:2      | Reached XP level 2. HP: 23/27 MP: 1/1
   361 | D:2      | Reached skill level 3 in Maces & Flails
   365 | D:2      | Reached XP level 3. HP: 25/33 MP: 2/2
   372 | D:2      | Found a transporter.
   374 | D:2      | Found a transporter.
   458 | D:2      | Found a shattered altar of Ashenzari.
  1262 | D:3      | Reached XP level 4. HP: 40/40 MP: 3/3
  1303 | D:3      | Reached skill level 4 in Maces & Flails
  1834 | D:3      | Reached XP level 5. HP: 42/46 MP: 4/4
  2301 | D:4      | Reached skill level 5 in Maces & Flails
  2395 | D:4      | Found a shadowy altar of Dithmenos.
  2776 | D:4      | Reached XP level 6. HP: 52/52 MP: 5/5
  2846 | D:4      | Reached skill level 5 in Armour
  2982 | D:5      | Entered Level 5 of the Dungeon
  2993 | D:5      | Reached skill level 5 in Shields
  3062 | D:5      | Reached skill level 6 in Maces & Flails
  3385 | D:5      | Reached XP level 7. HP: 48/59 MP: 6/6
  3400 | D:5      | Reached skill level 7 in Maces & Flails
  3894 | D:5      | Reached skill level 8 in Maces & Flails
  3938 | D:5      | Reached XP level 8. HP: 61/66 MP: 7/7
  4324 | D:6      | Found an ancient bone altar of Kikubaaqudgha.
  4393 | D:6      | Reached skill level 9 in Maces & Flails
  4493 | D:6      | Found Keba's Distillery.
  4502 | D:6      | Bought a potion of degeneration for 15 gold pieces
  5050 | D:7      | Reached skill level 10 in Maces & Flails
  5120 | D:7      | Reached skill level 1 in Dodging
  5159 | D:7      | Found an iron altar of Okawaru.
  5195 | D:7      | Became a worshipper of Warmaster Okawaru
  5228 | D:7      | Found a staircase to the Ecumenical Temple.
  5517 | D:7      | Reached skill level 5 in Fighting
  5517 | D:7      | Reached XP level 9. HP: 64/74 MP: 8/8
  5613 | D:7      | Found a shimmering blue altar of Sif Muna.
  5696 | D:8      | Reached * piety under Okawaru
  5715 | D:8      | Reached skill level 11 in Maces & Flails
  6224 | D:8      | Reached ** piety under Okawaru
  6227 | D:8      | Found a shimmering altar of Xom.
  6409 | D:8      | Found a shimmering altar of Xom.
  6411 | D:8      | Found a shimmering altar of Xom.
  6417 | D:8      | Found a shimmering altar of Xom.
  6418 | D:8      | Found a shimmering altar of Xom.
  6419 | D:8      | Found a shimmering altar of Xom.
  6419 | D:8      | Found a shimmering altar of Xom.
  6531 | D:9      | Reached skill level 5 in Dodging
  6597 | D:9      | Found a staircase to the Orcish Mines.
  6615 | D:9      | Reached XP level 10. HP: 77/86 MP: 9/9
  6898 | D:9      | Found a snail-covered altar of Cheibriados.
  7001 | D:9      | Found a radiant altar of Vehumet.
  7094 | D:9      | Reached *** piety under Okawaru
  7103 | D:9      | Reached skill level 10 in Armour
  7245 | D:9      | Noticed Harold
  7247 | D:9      | Noticed a two-headed ogre
  7260 | D:9      | Killed a two-headed ogre
  7260 | D:9      | Reached skill level 12 in Maces & Flails
  7267 | D:9      | Killed Harold
  7337 | D:9      | Found a staircase to the Lair.
  7356 | Lair:1   | Entered Level 1 of the Lair of Beasts
  7359 | Lair:1   | Noticed a spiny frog
  7366 | Lair:1   | Reached **** piety under Okawaru
  7371 | Lair:1   | Killed a spiny frog
  7405 | Lair:1   | Noticed an oklob plant
  8000 | Lair:1   | Reached XP level 11. HP: 90/97 MP: 10/10
  8016 | Lair:1   | Found a runed translucent door.
  8023 | Lair:1   | Noticed hollowman's ghost (journeyman MfVM)
  8453 | Lair:2   | Noticed a catoblepas
  8454 | Lair:2   | Found a staircase to the Shoals.
  8477 | Lair:2   | Killed a catoblepas
  8477 | Lair:2   | Reached ***** piety under Okawaru
  9694 | Lair:2   | Reached skill level 13 in Maces & Flails
 10211 | Lair:2   | Reached skill level 10 in Fighting
 10847 | Lair:2   | Received a gift from Okawaru
 11115 | Shoals:1 | Entered Level 1 of the Shoals
 11232 | Shoals:1 | Found Lacraiti's Weapon Boutique.
 11391 | Shoals:1 | Reached XP level 12. HP: 94/108 MP: 11/11
 11397 | Shoals:1 | Noticed a merfolk avatar
 11536 | Shoals:1 | Noticed a merfolk impaler
 11549 | Shoals:1 | Slain by a merfolk impaler

Levels and vault maps discovered:
D:1:      roderic_crossed_star, layout_basic, hex_medium,
          lexackson_kobold_supper
D:2:      layout_loops_cross, overflow_temple_1_default,
          gammafunk_temple_overflow_arena, serial_bayou_ford_a
D:3:      layout_loops_corners, first_ration, minmay_between
D:4:      layout_loops_corners, grunt_dithmenos_smoke
D:5:      layout_basic, minmay_checkerbox
D:6:      layout_basic, lemuel_round_altar, serial_shops, shop
D:7:      layout_cave_pools, kennysheep_mini, okawaru_trees_2,
          minmay_temple_entry_glassed_door
D:8:      layout_rooms, xom_redecorated
D:9:      layout_roguey, slow_altar_1, david_lair_shrubbed, erik_orc_3,
          basic_altar, uniq_harold
Lair:1:   layout_long_grid, ebering_ghost_inner_flame, serial_bayou_shore_a,
          grunt_megastairs_3, infiniplex_staircase_pool,
          minmay_lair_oklob_chamber
Lair:2:   layout_roguey, elwin_shoals_entry_rocks, special_room
          [special_room_bee], lemuel_fruit_tree
Shoals:1: layout_shoals, serial_shops, shop

Skill      XL: |  1  2  3  4  5  6  7  8  9 10 11 |
---------------+----------------------------------+-----
Armour         | 4 5 7 8 9 10 12 | 12.4
Shields        | 4 5 |  5.0
Maces & Flails | 3 4 5 6 8 10 11 12 13 | 13.8
Fighting       | 4 5 7 9 10 | 10.9
Dodging        | 2 5 7 9 |  9.3
Stealth        | |  0.1

Action                   |  1- 3 |  4- 6 |  7- 9 | 10-12 || total
-------------------------+-------+-------+-------+-------++-------
Melee: Flail             |    83 |   156 |   396 |   487 ||  1122
       Headbutt          |    12 |    25 |    98 |   110 ||   245
       Mace              |       |       |    37 |       ||    37
Invok: Heroism           |       |       |       |     3 ||     3
Evoke: Wand              |       |       |     1 |     2 ||     3
  Use: Scroll            |       |       |     3 |    10 ||    13
       Potion            |       |       |     1 |     2 ||     3
  Eat: Ration            |     1 |     3 |     2 |     4 ||    10
       Chunk             |       |       |       |     2 ||     2
Armor: Scale mail        |    52 |    62 |   159 |       ||   273
       Ring mail         |       |       |    24 |     6 ||    30
       Plate armour      |       |       |       |   158 ||   158
       Chain mail        |       |       |       |    29 ||    29
Dodge: Dodged            |    26 |    42 |   131 |   139 ||   338
Block: Shield            |    61 |    80 |   219 |   220 ||   580
